 Dungeon Crawl Stone Soup version 0.27-a0-1232-gc6a4cbde82 (webtiles) character file.

Game seed: 16769087089813993504

18 freelancePsychic the Skirmisher (level 2, -1/27 HPs)
             Began as a Ghoul Monk on June 8, 2021.
             Slain by an orc
             ... wielding a +0 war axe
              (9 damage)
             ... on level 3 of the Dungeon.
             The game lasted 00:01:25 (698 turns).

freelancePsychic the Skirmisher (Ghoul Monk)         Turns: 698, Time: 00:01:26

Health: -1/27      AC:  2    Str: 14    XL:     2   Next: 66%
Magic:  1/1        EV: 12    Int:  5    God:
Gold:   17         SH:  0    Dex: 11    Spells: 1/1 levels left

rFire    . . .     SeeInvis .   a - +0 mace
rCold    + . .     Faith    .   (no shield)
rNeg     + + +     Spirit   .   b - +0 robe
rPois    ∞         Reflect  .   (no helmet)
rElec    .         Harm     .   (no cloak)
rCorr    .         Rampage  .   (no gloves)
Will     .....                  (no boots)
Stlth    ++........             (no amulet)
HPRegen  0.00/turn              (no ring)
MPRegen  0.07/turn              (no ring)

@: no status effects
A: claws 1, cold resistance 1, negative energy resistance 3, inhibited
regeneration, torment resistance 2
a: no special abilities


You were on level 3 of the Dungeon.
You visited 1 branch of the dungeon, and saw 4 of its levels.

You collected 17 gold pieces.

Inventory:

Hand Weapons
 a - a +0 mace (weapon)
Armour
 b - a +0 robe (worn)
Scrolls
 c - 2 scrolls of teleportation {unknown}
 d - a scroll of magic mapping {unknown}
 f - a scroll of enchant weapon {unknown}
Potions
 e - a potion of mutation {unknown}


   Skills:
 + Level 3.7 Fighting
 - Level 3.2 Maces & Flails
 - Level 2.6 Dodging
 - Level 2.1 Stealth


You had one spell level left.
You didn't know any spells.
Your spell library was empty.

Dungeon Overview and Level Annotations

Branches:
Dungeon (4/15)
 Temple: D:4-7

Altars:
Okawaru

Annotations:
D:3 exclusion: ogre


Innate Abilities, Weirdness & Mutations

You thrive by killing the living.
You are immune to poison.
You have sharp fingernails.
Your flesh is cold resistant. (rC+)
You are immune to negative energy. (rN+++)
You do not regenerate when monsters are visible.
You are immune to unholy pain and torment.


Message History

There is an open door here.
You open the door.
Found an iron altar of Okawaru.
Found an escape hatch in the floor.
There is an open door here.
A jackal comes into view.
Found a bubbling orange potion.
An orc comes into view. It is wielding a +0 war axe.
The orc shouts!
The jackal barks!
You hear a bark!
You hear an angry hiss.
A jackal comes into view.
You barely miss the jackal. The jackal misses you.
You hit the jackal.
The jackal is heavily wounded.
The jackal barely misses you.
You hit the jackal.
The jackal is almost dead.
The jackal completely misses you.
You hit the jackal.
You kill the jackal!
A kobold comes into view. It is wielding a +0 club.
The jackal barely misses you.
You hit the jackal.
The jackal is severely wounded.
The jackal bites you.
You closely miss the jackal.
The jackal is severely wounded.
The jackal closely misses you. The jackal barely misses you.
You hit the jackal.
You kill the jackal!
You feel better. The orc misses you.
You barely miss the orc. The orc hits you with a +0 war axe!
You hit the orc but do no damage. The orc barely misses you.
You hit the orc but do no damage. The orc hits you with a +0 war axe!
You hit the orc.
The orc is heavily wounded.
The orc hits you but does no damage. The orc hits you with a +0 war axe.
* * * LOW HITPOINT WARNING * * *
You closely miss the orc.
The orc is heavily wounded.
The orc hits you with a +0 war axe!
You die...

#.# ####+# #.# #.....
#.###### #.....
##......## #.....
#........# #.....
#####.####'#.####.....
+.....#≈≈≈≈#....'.....
####..#≈§§§#.####.....
##@#§._§#.# #.....
#o#§≈≈≈#.# #.....
.K######.# ####.. ....
..# #.. ..... ### #..
......# #.. .......!
#+# ####..... ... ....


You could see an orc and a kobold.

Vanquished Creatures
  2 orcs (D:3)
  2 ball pythons
  2 endoplasms
  4 jackals
  A quokka (D:3)
  A kobold (D:4)
  A rat (D:3)
13 creatures vanquished.

Notes
Turn   | Place    | Note
-------+----------+-------------------------------------------
     0 | D:1      | freelancePsychic the Ghoul Monk began the quest for the
                  | Orb.
     0 | D:1      | Reached XP level 1. HP: 19/19 MP: 0/0
   295 | D:1      | You fall into a shaft and drop 1 floor!
   318 | D:2      | You fall into a shaft and drop 2 floors!
   366 | D:3      | Reached XP level 2. HP: 20/26 MP: 1/1
   655 | D:3      | Noticed an ogre
   673 | D:3      | Found an iron altar of Okawaru.
   698 | D:3      | Slain by an orc

Illustrated notes

Levels and vault maps discovered:
D:1:      dpeg_arrival_signposts, layout_loops_ring
D:2:      layout_loops_corners, chequers_ecumenical_altar_grove,
          minmay_misc_feat_columns
D:3:      layout_basic, nzn_wu_jian_council_hall, general_overflow_altar,
          minmay_tree_intersection
D:4:      layout_rooms, patterned_corridor

Skill      XL: |  1 |
---------------+----+-----
Maces & Flails | 3 |  3.2
Fighting       | |  3.7
Dodging        | |  2.6
Stealth        | |  2.1

Action                   || total
-------------------------++-------
Melee: Mace              ||    52
 Stab: Sleeping          ||     1
Armor: Robe              ||    12
Dodge: Dodged            ||    57

Table legend: (Time is in decaauts)
 A = Elapsed time spent in this place.
 B = Non-inter-level travel time spent in this place.
 C = Inter-level travel time spent in this place.
 D = Time resting spent in this place.
 E = Time spent auto-exploring this place.
 F = Levels seen in this place.
 G = Mean time per level.
                   A        B        C        D        E       F      G
               +--------+--------+--------+--------+--------+-----+--------+
         Total |    710 |    710 |      0 |      0 |    574 |   4 |  177.5 |
       Dungeon |    710 |    710 |      0 |      0 |    574 |   4 |  177.5 |
               +--------+--------+--------+--------+--------+-----+--------+

Top non-repeatable levels by time:
     D:3: 370 daAuts
     D:1: 299 daAuts
     D:2: 22 daAuts
     D:4: 17 daAuts
